 Dungeon Crawl Stone Soup version 0.28.0 (webtiles) character file.

Game seed: 6880653979690864559

123 Sanktem7 the Covered (level 4, 0/40 HPs)
             Began as a Minotaur Fighter on Feb 10, 2022.
             Slain by an orc wizard (1 damage)
             ... on level 4 of the Dungeon.
             The game lasted 00:03:51 (1844 turns).

Sanktem7 the Covered (Minotaur Fighter)             Turns: 1844, Time: 00:03:54

Health: 0/40       AC:  7    Str: 22    XL:     4   Next: 79%
Magic:  3/3        EV:  9    Int:  5    God:
Gold:   30         SH:  0    Dex: 10    Spells: 3/3 levels left

rFire   . . .      SeeInvis .   a - +0 long sword
rCold   . . .      Faith    .   c - +0 buckler
rNeg    . . .      Spirit   .   b - +0 scale mail
rPois   .          Reflect  .   (helmet restricted)
rElec   .          Harm     .   (no cloak)
rCorr   .          Rampage  .   (no gloves)
Will    .....                   (no boots)
Stlth   ..........              m - amulet of regeneration
HPRegen 0.93/turn               (no ring)
MPRegen 0.08/turn               (no ring)

@: confused
A: horns 2, retaliatory headbutt
a: no special abilities


You were on level 4 of the Dungeon.
You visited 1 branch of the dungeon, and saw 4 of its levels.

You collected 30 gold pieces.

Inventory:

Hand Weapons
 a - a +0 long sword (weapon)
Armour
 b - a +0 scale mail (worn)
 c - a +0 buckler (worn)
Jewellery
 m - an amulet of regeneration (around neck)
 o - a +6 ring of intelligence
Scrolls
 f - 2 scrolls of magic mapping {unknown}
 g - 4 scrolls of identify {unknown}
 h - a scroll of vulnerability {unknown}
 i - a scroll of brand weapon {unknown}
 j - a scroll of blinking {unknown}
Potions
 d - a potion of might
 e - a potion of ambrosia {unknown}
 k - a potion of flight {unknown}
 l - 3 potions of heal wounds {unknown}
 n - a potion of curing {unknown}
 p - 2 potions of magic {unknown}


   Skills:
 * Level 4.1 Fighting
 * Level 4.2 Long Blades
 * Level 4.7 Armour
 + Level 0.2 Dodging
 + Level 4.3 Shields


You had 3 spell levels left.
You didn't know any spells.
Your spell library contained the following spells:

 Spells                   Type           Power      Damage    Failure   Level
 Pain                     Necr           0%         1d4       87%         1
 Agony                    Necr           0%         N/A       100%        5
 Excruciating Wounds      Necr           0%         N/A       100%        5


Dungeon Overview and Level Annotations

Branches:
Dungeon (4/15)
 Temple: D:4-7

Altars:

Shops:
D:2 *


Innate Abilities, Weirdness & Mutations

You have a pair of horns on your head.
You reflexively headbutt those who attack you in melee.


Message History

The orc wizard hits you but does no damage.
The orc priest hits you but does no damage.
The orc hits you but does no damage.
You hit the orc priest.
The orc priest is moderately wounded.
The orc wizard hits you but does no damage.
The orc priest hits you with a +0 club. The orc hits you but does no damage.
The orc wizard closely misses you. The orc priest hits you with a +0 club.
The orc closely misses you.
You barely miss the orc priest.
The orc priest is moderately wounded.
The orc wizard barely misses you. The orc priest hits you with a +0 club.
The orc closely misses you.
You hit the orc priest.
The orc priest is moderately wounded.
You feel less confused.
The orc wizard points at you and mumbles some strange words.
The magic dart hits you.
The orc priest calls down the wrath of Beogh upon you.
Beogh smites you! The orc hits you but does no damage.
You hit the orc wizard.
The orc wizard is lightly wounded.
The orc wizard hits you but does no damage.
You block the orc priest's attack. The orc hits you but does no damage.
You hit the orc wizard but do no damage.
The orc wizard is lightly wounded.
The orc wizard gestures at you while chanting.
You resist with some effort. You block the orc priest's attack.
The orc hits you but does no damage.
The orc wizard points at you and mumbles some strange words.
You are confused.
You're too confused to move!
The orc priest hits you with a +0 club. The orc hits you but does no damage.
The orc wizard barely misses you.
You bump into the rock wall.
The orc priest invokes the aid of Beogh against you.
Beogh smites you!
* * * LOW HITPOINT WARNING * * *
The orc hits you but does no damage.
The orc wizard hits you with a +0 dagger.
You die...

#.<.....###...#
#.........#.....
#...........#...
.[.........### #
............#
............#
########
............#
##......##
...........##
#o.......#
.........#
#@o......#
........##
#..o......(
##......#
#...........
####..##
#........... ###
............
#............
.........[..#
#............


You could see an orc priest, an orc wizard and an orc.

Vanquished Creatures
  A gnoll (D:1)
  A howler monkey skeleton (D:3)
  3 adders
  A worm (D:3)
  4 dart slugs
  6 orcs
  An endoplasm (D:1)
  4 giant cockroaches
  A goblin (D:1)
  7 hobgoblins
  4 jackals (D:1)
  2 quokkas
  6 ball pythons
  2 bats (D:1)
  A frilled lizard (D:2)
  7 kobolds
  A quokka skeleton (D:4)
  5 rats
57 creatures vanquished.

Vanquished Creatures (others)
  4 plants
4 creatures vanquished.

Grand Total: 61 creatures vanquished

Notes
Turn   | Place    | Note
-------+----------+-------------------------------------------
     0 | D:1      | Sanktem7 the Minotaur Fighter began the quest for the Orb.
     0 | D:1      | Reached XP level 1. HP: 19/19 MP: 0/0
   180 | D:1      | Reached XP level 2. HP: 27/27 MP: 1/1
   383 | D:1      | Reached XP level 3. HP: 33/33 MP: 2/2
   822 | D:2      | Found Syaqe's General Store.
  1009 | D:3      | Reached XP level 4. HP: 40/40 MP: 3/3
  1304 | D:3      | You fall into a shaft and drop 1 floor!
  1844 | D:4      | HP: 1/40 [orc priest/divine providence (14)]
  1844 | D:4      | Slain by an orc wizard

Illustrated notes

Levels and vault maps discovered:
D:1:      dpeg_arrival_tiny_a, layout_loops_ring, nicolae_grassy_gnolls
D:2:      layout_basic, serial_shops, nicolae_shop_advertising_works
          [nicolae_subvault_shop_adworks], serial_bayou_pond_a
D:3:      layout_basic
D:4:      layout_cave_pods, minmay_strange_pillars, uniq_pargi

Skill      XL: |  1  2  3  4 |
---------------+-------------+-----
Armour         | 4 |  4.7
Shields        | 4 |  4.3
Fighting       | 4 |  4.1
Long Blades    | 3 4 |  4.2
Dodging        | |  0.2

Action                   |  1- 3 |  4- 6 || total
-------------------------+-------+-------++-------
Melee: Long sword        |    64 |    59 ||   123
       Headbutt          |    11 |     5 ||    16
Armor: Scale mail        |    25 |    26 ||    51
Dodge: Dodged            |    31 |    34 ||    65
Block: Buckler           |    15 |    17 ||    32
